 Dungeon Crawl Stone Soup version 0.17.1-3-g152610e (webtiles) character file.

131 Urist the Ducker (level 4, -4/28 HPs)
             Began as a High Elf Artificer on Apr 7, 2016.
             Killed themself with a badly aimed puff of flame (10 damage)
             ... on level 2 of the Dungeon.
             The game lasted 00:08:37 (1970 turns).

Urist the Ducker (High Elf Artificer)               Turns: 1970, Time: 00:08:37

Health: -4/28      AC:  3    Str: 11    XL:     4   Next: 91%
Magic:  7/7        EV: 19    Int: 16    God:
Gold:   46         SH:  0    Dex: 20    Spells: 0 memorised, 3 levels left

rFire  . . .     SeeInvis .     j - +1 dagger (holy)
rCold  . . .     Clarity  +     b - +0 leather armour
rNeg   . . .     SustAt   .     (no shield)
rPois  .         Gourm    .     (no helmet)
rElec  .         Spirit   .     (no cloak)
rCorr  .         Warding  .     (no gloves)
rMut   .         Stasis   .     (no boots)
MR     .....                    i - amulet of clarity
Stlth  +++.......               (no ring)
                                (no ring)

@: agile, lethally poisoned (-4 -> -11), flying, not resistant to hostile
enchantments, fairly stealthy
A: no striking features
a: no special abilities


You were on level 2 of the Dungeon.
You were very full.

You visited 1 branch of the dungeon, and saw 2 of its levels.

You collected 46 gold pieces.

Inventory:

Hand Weapons
 a - a +0 short sword
 j - a +1 dagger of holy wrath (weapon)
Armour
 b - a +0 leather armour (worn)
Jewellery
 h - a cursed -3 ring of intelligence
 i - an amulet of clarity (around neck)
Wands
 c - a wand of flame (23)
 d - a wand of enslavement (13)
 e - a wand of random effects (14)
 m - a wand of magic darts (27)
Scrolls
 g - 2 scrolls of enchant armour
 o - a scroll of remove curse


   Skills:
 * Level 1.3 Fighting
 * Level 2.1 Short Blades
 * Level 1.8 Armour
 * Level 3.9 Dodging
 + Level 1.2 Stealth
 + Level 3.6 Evocations


You had 3 spell levels left.
You didn't know any spells.

Dungeon Overview and Level Annotations

Branches:
Dungeon (2/15)

Altars:

Annotations:
D:2 Crazy Yiuf, Natasha


Message History

You feel sick.
There is a lethal amount of poison in your body!
Eat which item? (? for menu, Esc to quit)
You continue eating.
* * * LOW HITPOINT WARNING * * *
You feel sick.
You continue eating.
You finish eating.
That bread ration really hit the spot!
Read which item? (? for menu, Esc to quit)
Enchant which item? (? for menu, Esc to quit)
Okay, then.
Evoke which item? (* to show all) (? for menu, Esc to quit)
That item cannot be evoked!
There is a lethal amount of poison in your body!
Evoke which item? (* to show all) (? for menu, Esc to quit)
Zapping:
e - a wand of random effects (14)
Press: ? - help, Shift-Dir - straight line, f - you, p - Crazy Yiuf Really target yourself?
The puff of flame hits you!
You die...

####### ###..§#§###
############....§§#§g#
##.....##.....g..§####§....#
##............@#..## #..)#
#..............#### ###
#..............#
#..............#
#......<.......#######
#.........†..........# ####
.?.........(..........# #...
......................# #...
[.....................###
#...


You could see the friendly Crazy Yiuf.

Vanquished Creatures
  Ijyb (D:2)
  Jessica (D:2)
  2 gnolls (D:2)
  2 adders (D:2)
  An ooze (D:1)
  A giant gecko (D:1)
  6 bats
  6 goblins
  7 hobgoblins
  2 giant cockroaches
  3 giant newts
  7 kobolds
  2 rats (D:2)
41 creatures vanquished.

Vanquished Creatures (others)
  A gnoll (D:2)
1 creature vanquished.

Grand Total: 42 creatures vanquished

Notes
Turn   | Place    | Note
--------------------------------------------------------------
     0 | D:1      | Urist the High Elf Artificer began the quest for the Orb.
     0 | D:1      | Reached XP level 1. HP: 13/13 MP: 4/4
    97 | D:1      | Reached XP level 2. HP: 5/18 MP: 5/5
   751 | D:1      | You fall through a shaft!
   751 | D:2      | Noticed Jessica
  1376 | D:2      | Reached XP level 3. HP: 23/23 MP: 6/6
  1406 | D:2      | Reached skill level 1 in Armour
  1512 | D:2      | Noticed Ijyb
  1516 | D:2      | Killed Ijyb
  1516 | D:2      | Reached XP level 4. HP: 21/28 MP: 7/7
  1532 | D:2      | Noticed Natasha
  1840 | D:2      | Killed Jessica
  1951 | D:2      | Noticed Crazy Yiuf
  1970 | D:2      | Killed themself with a badly aimed puff of flame

Action                   |  1- 3 |  4- 6 || total
-------------------------+-------+-------++-------
Melee: Short sword       |    41 |       ||    41
       Dagger            |    83 |    36 ||   119
Evoke: Wand              |    11 |    11 ||    22
  Use: Scroll            |     1 |     5 ||     6
       Potion            |     1 |     4 ||     5
  Eat: Meat ration       |     1 |       ||     1
       Bread ration      |       |     1 ||     1
